[Event "ICC tourney 2260 (3 2)"]
[Site "Internet Chess Club"]
[Date "2020.12.31"]
[Round "3"]
[White "Mozart1"]
[Black "chessrex"]
[Result "1-0"]
[ICCResult "Black resigns"]
[WhiteElo "1836"]
[BlackElo "1958"]
[Opening "Philidor: Philidor counter-gambit"]
[ECO "C41"]
[NIC "KP.08"]
[Time "12:30:10"]
[PlyCount "65"]
[TimeControl "180+2"]

1. e4 e5 2. Nf3 d6 3. d4 f5 4. dxe5 fxe4 5. Ng5 d5 6. f4 Bc5 7. Nc3 c6 8.
Be2 Ne7 9. Bg4 O-O 10. Qe2 Nf5 11. Bxf5 Bxf5 12. g4 h6 13. gxf5 hxg5 14.
Qg4 gxf4 15. Bxf4 Qd7 16. e6 Qe7 17. O-O-O Bd6 18. Bxd6 Qxd6 19. Nxe4 Qe5
20. Ng3 Na6 21. Rhe1 Qf6 22. Nh5 Qh6+ 23. Kb1 Rae8 24. Rg1 Re7 25. f6 Rxf6
26. Nxf6+ Qxf6 27. Rde1 Nc5 28. Rgf1 Qh6 29. Qb4 b6 30. Qf4 Nxe6 31. Qxh6
gxh6 32. Rf6 Kg7 33. Rfxe6 { Black resigns } 1-0

[Event "ICC tourney 2260 (3 2)"]
[Site "Internet Chess Club"]
[Date "2020.12.31"]
[Round "3"]
[White "DualMoneytime"]
[Black "garynanoman"]
[Result "1-0"]
[ICCResult "Black resigns"]
[WhiteElo "1960"]
[BlackElo "1850"]
[Opening "Sicilian: closed"]
[ECO "B23"]
[NIC "SI.44"]
[Time "12:30:07"]
[PlyCount "58"]
[TimeControl "180+2"]

1. e4 c5 2. Nc3 g6 3. f4 Bg7 4. Nf3 Nc6 5. Bb5 e6 6. Bxc6 bxc6 7. e5 f6 8.
O-O d6 9. Ne4 fxe5 10. fxe5 dxe5 11. d3 Nf6 12. Be3 O-O 13. Nxf6+ Bxf6 14.
Bxc5 Rf7 15. Qe2 Qd5 16. b4 Ba6 17. c4 Qd7 18. Rad1 Rd8 19. Nxe5 Bxe5 20.
Qxe5 Rxf1+ 21. Rxf1 Qxd3 22. Qxe6+ Kh8 23. Qf6+ Kg8 24. Qf7+ Kh8 25. Be7
Qd4+ 26. Kh1 Qg7 27. Bf6 Qxf6 28. Qxf6+ Kg8 29. Qxd8+ Kg7 { Black resigns }
1-0

[Event "ICC tourney 2260 (3 2)"]
[Site "Internet Chess Club"]
[Date "2020.12.31"]
[Round "3"]
[White "el008"]
[Black "ved2006"]
[Result "1-0"]
[ICCResult "Black checkmated"]
[WhiteElo "1944"]
[BlackElo "1719"]
[Opening "French: advance, Paulsen attack"]
[ECO "C02"]
[NIC "FR.03"]
[Time "12:29:55"]
[PlyCount "77"]
[TimeControl "180+2"]

1. e4 e6 2. d4 d5 3. e5 c5 4. c3 Nc6 5. Nf3 Qb6 6. a3 Bd7 7. b4 cxd4 8.
cxd4 Nge7 9. Be3 h5 10. h4 Nf5 11. Bd3 Nxe3 12. fxe3 g6 13. O-O Bh6 14. Ng5
Bxg5 15. hxg5 Qd8 16. Qf3 Qe7 17. Nc3 a6 18. b5 Na5 19. bxa6 bxa6 20. Qf4
Nc4 21. Bxc4 dxc4 22. Ne4 Bb5 23. Nd6+ Kd7 24. a4 Bc6 25. Nxc4 Raf8 26. Nd6
Rh7 27. e4 Qd8 28. Rfb1 Qa8 29. Rb6 Kc7 30. a5 Kd7 31. Rc1 Bb5 32. Rb7+ Kd8
33. Rc8+ Qxc8 34. Nxc8 Kxc8 35. Re7 Kd8 36. Ra7 Rhh8 37. Qc1 Bd7 38. Qc7+
Ke8 39. Qxd7# { Black checkmated } 1-0

[Event "ICC tourney 2260 (3 2)"]
[Site "Internet Chess Club"]
[Date "2020.12.31"]
[Round "3"]
[White "crazyhorse9"]
[Black "DrKnight01"]
[Result "1-0"]
[ICCResult "Black resigns"]
[WhiteElo "1462"]
[BlackElo "1216"]
[Opening "King's pawn game"]
[ECO "C50"]
[NIC "IG.03"]
[Time "12:30:47"]
[PlyCount "48"]
[TimeControl "180+2"]

1. e4 e5 2. Nf3 Nc6 3. Bc4 h6 4. O-O Bc5 5. c3 Bb6 6. d4 d6 7. Qb3 Qe7 8.
Be3 Na5 9. Qb4 Nxc4 10. Qxc4 Be6 11. Qd3 Bg4 12. Nbd2 Nf6 13. h3 Bh5 14.
Rfe1 O-O-O 15. a4 g5 16. a5 g4 17. Nh2 gxh3 18. g3 Ng4 19. axb6 cxb6 20.
Rxa7 Nxh2 21. Kxh2 Rhg8 22. Nc4 Kc7 23. dxe5 dxe5 24. Bxb6+ Kc6 { Black
resigns } 1-0

[Event "ICC tourney 2260 (3 2)"]
[Site "Internet Chess Club"]
[Date "2020.12.31"]
[Round "3"]
[White "JensenUVA"]
[Black "Chessnutt2014"]
[Result "1-0"]
[ICCResult "Black forfeits on time"]
[WhiteElo "1516"]
[BlackElo "1941"]
[Opening "King's Indian: Makagonov system (5.h3)"]
[ECO "E71"]
[NIC "KI.30"]
[Time "12:30:02"]
[PlyCount "65"]
[TimeControl "180+2"]

1. d4 Nf6 2. c4 g6 3. Nc3 Bg7 4. e4 d6 5. h3 O-O 6. Be3 e5 7. d5 a5 8. g4
Na6 9. Nge2 b6 10. Ng3 Nc5 11. Be2 Ne8 12. Qd2 Qe7 13. h4 f6 14. Kf1 Bd7
15. Kg2 Kf7 16. Rh2 Bh8 17. Rah1 Ng7 18. h5 g5 19. h6 Ne8 20. Nf5 Bxf5 21.
gxf5 Rg8 22. Kf1 Qf8 23. Bh5+ Ke7 24. f3 Rb8 25. Nb5 Kd7 26. Kf2 Qe7 27.
Qc2 Qf8 28. a3 a4 29. Rg2 Ra8 30. Nc3 Kd8 31. Bxc5 bxc5 32. Nxa4 Qxh6 33.
Rgh2 { Black forfeits on time } 1-0

[Event "ICC tourney 2260 (3 2)"]
[Site "Internet Chess Club"]
[Date "2020.12.31"]
[Round "3"]
[White "marinaxiao"]
[Black "MIEMBR"]
[Result "0-1"]
[ICCResult "White resigns"]
[WhiteElo "1556"]
[BlackElo "1842"]
[Opening "Sicilian: Taimanov variation"]
[ECO "B49"]
[NIC "SI.40"]
[Time "12:29:57"]
[PlyCount "100"]
[TimeControl "180+2"]

1. e4 c5 2. Nf3 e6 3. d4 cxd4 4. Nxd4 Nc6 5. Nc3 Qc7 6. Be3 a6 7. Be2 Nf6
8. O-O Bb4 9. Na4 O-O 10. Nxc6 bxc6 11. Nb6 Rb8 12. Nxc8 Rfxc8 13. Bxa6 Re8
14. Bd3 d5 15. exd5 cxd5 16. Bg5 Ne4 17. Bxe4 dxe4 18. c3 Bd6 19. h3 Rxb2
20. Re1 Bc5 21. Bd2 Rd8 22. Re2 Qd6 23. Rb1 Rxd2 24. Rxd2 Qxd2 25. Qxd2
Rxd2 26. a4 Ra2 27. Rb5 Bf8 28. a5 f5 29. c4 Rc2 30. c5 Rxc5 31. Rxc5 Bxc5
32. a6 Ba7 33. Kf1 Kf7 34. Ke2 Ke7 35. Kd2 Kd6 36. Kc3 Kc6 37. Kb4 Kb6 38.
Kc4 Kxa6 39. f3 e3 40. Kd3 Kb5 41. g3 g5 42. Ke2 Kc4 43. g4 f4 44. Ke1 e5
45. Kd1 Bd4 46. Ke2 Kc3 47. Kd1 Kd3 48. Ke1 Bc3+ 49. Kf1 e2+ 50. Kf2 e1=Q+
{ White resigns } 0-1

[Event "ICC tourney 2260 (3 2)"]
[Site "Internet Chess Club"]
[Date "2020.12.31"]
[Round "3"]
[White "stephenwilly"]
[Black "TheOrcaPro"]
[Result "1-0"]
[ICCResult "Black checkmated"]
[WhiteElo "1496"]
[BlackElo "1735"]
[Opening "French defense, Steiner variation"]
[ECO "C00"]
[NIC "FR.01"]
[Time "12:30:32"]
[PlyCount "115"]
[TimeControl "180+2"]

1. e4 e6 2. c4 c5 3. Nf3 Nf6 4. e5 Ng8 5. d4 d6 6. dxc5 dxc5 7. Qxd8+ Kxd8
8. Nc3 a6 9. Be3 Nc6 10. O-O-O+ Bd7 11. Ne4 b6 12. Bg5+ Be7 13. Nd6 Bxg5+
14. Nxg5 Nxe5 15. Ndxf7+ Nxf7 16. Nxf7+ Ke7 17. Nxh8 Nf6 18. Ng6+ hxg6 19.
Bd3 g5 20. h4 gxh4 21. Rxh4 Rd8 22. g4 Bc6 23. Be2 Rxd1+ 24. Bxd1 Ne4 25.
Bf3 Kd6 26. Bxe4 Bxe4 27. f4 b5 28. b3 bxc4 29. bxc4 Bd3 30. g5 Bxc4 31. f5
Bxa2 32. f6 gxf6 33. gxf6 e5 34. Rh7 a5 35. f7 Bxf7 36. Rxf7 Kd5 37. Ra7 e4
38. Rxa5 Kd4 39. Kd2 c4 40. Ra3 Kd5 41. Ke3 Ke5 42. Ra5+ Kd6 43. Kxe4 c3
44. Kd3 c2 45. Kxc2 Ke6 46. Kd3 Kd6 47. Kd4 Ke6 48. Rd5 Kf6 49. Ke4 Kg6 50.
Rf5 Kh6 51. Kf4 Kg6 52. Kg4 Kh6 53. Rg5 Kh7 54. Kf5 Kh6 55. Rg1 Kh7 56. Kf6
Kh8 57. Kf7 Kh7 58. Rh1# { Black checkmated } 1-0

[Event "ICC tourney 2260 (3 2)"]
[Site "Internet Chess Club"]
[Date "2020.12.31"]
[Round "3"]
[White "VincentT2008"]
[Black "Kinawa"]
[Result "1-0"]
[ICCResult "Black forfeits on time"]
[WhiteElo "1743"]
[BlackElo "1535"]
[Opening "Budapest: Adler variation"]
[ECO "A52"]
[NIC "QG.01"]
[Time "12:30:22"]
[PlyCount "57"]
[TimeControl "180+2"]

1. d4 Nf6 2. c4 e5 3. dxe5 Ng4 4. Nf3 Bc5 5. e3 Nc6 6. a3 a5 7. Nc3 Ngxe5
8. Nd4 O-O 9. Be2 d6 10. Nxc6 bxc6 11. O-O Ba6 12. b3 Rb8 13. Ne4 Ba7 14.
Bd2 a4 15. Bc3 axb3 16. Bxe5 dxe5 17. Qe1 b2 18. Rb1 Qe7 19. Qa5 Rb6 20.
Rfe1 Bb7 21. c5 Rb3 22. Bc4 Bb6 23. cxb6 Ra8 24. Qc5 Qxc5 25. Nxc5 Rxb6 26.
Re2 Rxa3 27. Rexb2 Ra7 28. Rxb6 cxb6 29. Rxb6 { Black forfeits on time }
1-0

[Event "ICC tourney 2260 (3 2)"]
[Site "Internet Chess Club"]
[Date "2020.12.31"]
[Round "3"]
[White "SuperBlueSky"]
[Black "ekanshmehrotra"]
[Result "1-0"]
[ICCResult "Black forfeits on time"]
[WhiteElo "1597"]
[BlackElo "1843"]
[Opening "QGD: Cambridge Springs defense, Bogolyubov variation"]
[ECO "D52"]
[NIC "QO.15"]
[Time "12:29:57"]
[PlyCount "57"]
[TimeControl "180+2"]

1. d4 Nf6 2. c4 c6 3. Nf3 d5 4. Nc3 e6 5. Bg5 Nbd7 6. e3 Qa5 7. Nd2 Bb4 8.
Qc2 O-O 9. Be2 e5 10. Bxf6 Nxf6 11. dxe5 Ne4 12. Ndxe4 dxe4 13. O-O Bxc3
14. Qxc3 Qxc3 15. bxc3 Re8 16. Rfd1 Bf5 17. Rab1 b6 18. Rd6 c5 19. Rd5 Be6
20. Rd6 Bf5 21. g4 Bc8 22. Rbd1 Bb7 23. e6 Rxe6 24. Rxe6 fxe6 25. Rd6 Bc8
26. g5 Kf7 27. Kg2 Ke7 28. Rd2 Bb7 29. Bg4 { Black forfeits on time } 1-0

[Event "ICC tourney 2260 (3 2)"]
[Site "Internet Chess Club"]
[Date "2020.12.31"]
[Round "3"]
[White "StevChess01"]
[Black "falcongw"]
[Result "0-1"]
[ICCResult "White forfeits on time"]
[WhiteElo "1684"]
[BlackElo "1256"]
[Opening "King's Indian: Sämisch variation"]
[ECO "E80"]
[NIC "KI.48"]
[Time "12:29:57"]
[PlyCount "64"]
[TimeControl "180+2"]

1. d4 Nf6 2. c4 g6 3. Nc3 Bg7 4. e4 d6 5. f3 Nbd7 6. Be3 O-O 7. Bd3 e5 8.
Nge2 Ne8 9. Qd2 f5 10. O-O-O f4 11. Bf2 Nb6 12. b3 c6 13. Bb1 d5 14. dxe5
Bxe5 15. cxd5 cxd5 16. Nxd5 Be6 17. Nxb6 Qc7+ 18. Nc4 b5 19. Bd4 bxc4 20.
Bxe5 Qxe5 21. Qd4 Qa5 22. Qc3 Qb6 23. b4 a5 24. bxa5 Rxa5 25. Nd4 Bf7 26.
Rd2 Nd6 27. Rb2 Qa7 28. Rd1 Ra3 29. Qb4 c3 30. Rb3 Bxb3 31. Qxd6 Bf7 32.
Ne6 Rb8 { White forfeits on time } 0-1

[Event "ICC tourney 2260 (3 2)"]
[Site "Internet Chess Club"]
[Date "2020.12.31"]
[Round "3"]
[White "realFreddyWeddy"]
[Black "funpawn"]
[Result "1/2-1/2"]
[ICCResult "Game drawn by repetition"]
[WhiteElo "1104"]
[BlackElo "1765"]
[Opening "Two knights defense"]
[ECO "C56"]
[NIC "KP.02"]
[Time "12:30:06"]
[PlyCount "93"]
[TimeControl "180+2"]

1. e4 e5 2. Nf3 Nc6 3. d4 exd4 4. Bc4 Nf6 5. O-O Nxe4 6. Re1 d5 7. Bxd5
Qxd5 8. Nc3 Qd7 9. Nxe4 Be7 10. Ng3 O-O 11. a3 b6 12. b4 a6 13. Bb2 Bb7 14.
Nxd4 Nxd4 15. Qxd4 Qxd4 16. Bxd4 Bf6 17. Bxf6 gxf6 18. Re7 Rfe8 19. Rae1
Kf8 20. Rxe8+ Rxe8 21. Rxe8+ Kxe8 22. f3 Ke7 23. Kf2 Ke6 24. Ke3 Ke5 25. c4
f5 26. Ne2 c5 27. bxc5 bxc5 28. Nc3 a5 29. Na4 Ba6 30. Nxc5 Bxc4 31. Nd7+
Ke6 32. Nc5+ Kd5 33. Nd7 Kd6 34. Nf6 h6 35. Kd4 Bf1 36. g3 Bg2 37. f4 Ke6
38. Ne8 Be4 39. Nc7+ Kd6 40. Nb5+ Kc6 41. Nc3 Bf3 42. Ke5 Bg4 43. Kd4 Kd6
44. Nb5+ Kc6 45. Nc3 Kd6 46. Nb5+ Kc6 47. Nc3 { Game drawn by repetition }
1/2-1/2

[Event "ICC tourney 2260 (3 2)"]
[Site "Internet Chess Club"]
[Date "2020.12.31"]
[Round "3"]
[White "MChessy"]
[Black "kurohaze"]
[Result "0-1"]
[ICCResult "White checkmated"]
[WhiteElo "1950"]
[BlackElo "1168"]
[Opening "French: exchange variation"]
[ECO "C01"]
[NIC "FR.01"]
[Time "12:30:06"]
[PlyCount "102"]
[TimeControl "180+2"]

1. e4 e6 2. d4 d5 3. exd5 exd5 4. Nc3 Nf6 5. Nf3 Be7 6. Be3 O-O 7. Qd2 Be6
8. O-O-O Nbd7 9. h4 Ne4 10. Nxe4 dxe4 11. Ng5 Bxg5 12. hxg5 Bg4 13. Be2
Bxe2 14. Qxe2 g6 15. Qg4 Qe7 16. Qh4 f5 17. d5 Rac8 18. Bd4 c5 19. dxc6
bxc6 20. Rh3 c5 21. Bc3 Rf7 22. Bf6 Nxf6 23. gxf6 Qe6 24. Kb1 h5 25. Qg5
Qxf6 26. Qxf6 Rxf6 27. Rd7 Rf7 28. Rg3 Rxd7 29. Rxg6+ Rg7 30. Rxg7+ Kxg7
31. Kc1 Rd8 32. c3 Kg6 33. Kc2 Rd3 34. a4 Kg5 35. b4 cxb4 36. cxb4 h4 37.
b5 Kf4 38. a5 h3 39. gxh3 Rxh3 40. b6 Rh7 41. a6 axb6 42. a7 Rxa7 43. Kb3
Kf3 44. Kc2 Kxf2 45. Kd2 e3+ 46. Kd1 e2+ 47. Kc2 e1=Q 48. Kb3 Rc7 49. Ka4
Qa5+ 50. Kb3 Qb5+ 51. Ka2 Ra7# { White checkmated } 0-1

[Event "ICC tourney 2260 (3 2)"]
[Site "Internet Chess Club"]
[Date "2020.12.31"]
[Round "3"]
[White "tigerche207"]
[Black "karuto2006"]
[Result "1-0"]
[ICCResult "Black resigns"]
[WhiteElo "1934"]
[BlackElo "1699"]
[Opening "Giuoco Piano"]
[ECO "C54"]
[NIC "IG.02"]
[Time "12:29:59"]
[PlyCount "101"]
[TimeControl "180+2"]

1. e4 e5 2. Nf3 Nc6 3. Bc4 Bc5 4. c3 Nf6 5. d3 d6 6. a4 O-O 7. O-O a6 8.
Nbd2 Be6 9. Re1 Ng4 10. Re2 Bxc4 11. Nxc4 f5 12. h3 fxe4 13. dxe4 Nf6 14.
Qb3 Rb8 15. Nxd6+ Kh8 16. Nf7+ Rxf7 17. Qxf7 Qd1+ 18. Re1 Qc2 19. Bg5 Bxf2+
20. Kh1 Nxe4 21. Rec1 Qe2 22. Bh4 Bxh4 23. Nxh4 Rg8 24. Re1 Qd3 25. Qf3
Qxf3 26. gxf3 Nd6 27. b4 Rf8 28. b5 axb5 29. axb5 Nxb5 30. Rab1 Nxc3 31.
Rxb7 g6 32. Rxc7 Rf6 33. Rc8+ Kg7 34. Rc7+ Kh6 35. Rc1 Kg5 36. Rxc3 Kxh4
37. R7xc6 Rxc6 38. Rxc6 Kg3 39. Re6 Kxh3 40. Rxe5 Kg3 41. Re3 g5 42. Ra3 h5
43. Ra5 Kxf3 44. Rxg5 h4 45. Rh5 Kg4 46. Rh8 Kg5 47. Kh2 Kg4 48. Rg8+ Kh5
49. Kh3 Kh6 50. Rh8+ Kg5 51. Rxh4 { Black resigns } 1-0

[Event "ICC tourney 2260 (3 2)"]
[Site "Internet Chess Club"]
[Date "2020.12.31"]
[Round "3"]
[White "tavit2"]
[Black "ThirstyMonster"]
[Result "0-1"]
[ICCResult "White checkmated"]
[WhiteElo "629"]
[BlackElo "1283"]
[Opening "Sicilian defense"]
[ECO "B40"]
[NIC "SI.43"]
[Time "12:30:12"]
[PlyCount "144"]
[TimeControl "180+2"]

1. e4 c5 2. Nf3 e6 3. Nc3 a6 4. d3 Nc6 5. Bf4 d5 6. exd5 exd5 7. Be2 Nf6 8.
O-O Bd6 9. Bxd6 Qxd6 10. Qd2 h6 11. Rad1 O-O 12. Rfe1 Be6 13. d4 cxd4 14.
Nxd4 Nxd4 15. Qxd4 Rad8 16. Qe3 Qb4 17. Qc1 Ne4 18. Nxe4 dxe4 19. c3 Qb6
20. Qc2 f5 21. b3 Qc7 22. c4 Rxd1 23. Rxd1 Rd8 24. Rxd8+ Qxd8 25. h3 Kf7
26. f3 Qd4+ 27. Kh2 e3 28. Qc1 g5 29. Qd1 Qxd1 30. Bxd1 f4 31. g3 Kf6 32.
g4 Bf7 33. Kg2 Bg6 34. Kf1 Bb1 35. a4 Bd3+ 36. Be2 Bxe2+ 37. Kxe2 Ke5 38.
Kd3 a5 39. Kc3 e2 40. Kd2 Kd4 41. Kxe2 Kc3 42. Kd1 Kxb3 43. Kd2 Kxc4 44.
Kc2 Kb4 45. Kb2 Kxa4 46. Ka2 b5 47. Kb2 Kb4 48. Kb1 Kb3 49. Ka1 Ka3 50. Kb1
Kb3 51. Ka1 Kc3 52. Kb1 Kd3 53. Kc1 b4 54. Kb1 a4 55. Ka1 Ke3 56. Kb1 Kxf3
57. Kc1 Kg3 58. Kd1 Kxh3 59. Kc2 Kxg4 60. Kb2 Kf5 61. Kc2 h5 62. Kd2 g4 63.
Ke2 h4 64. Kf2 Ke4 65. Ke2 h3 66. Kf1 g3 67. Kg1 f3 68. Kf1 a3 69. Ke1 Kd3
70. Kd1 b3 71. Kc1 h2 72. Kd1 h1=Q# { White checkmated } 0-1

[Event "ICC tourney 2260 (3 2)"]
[Site "Internet Chess Club"]
[Date "2020.12.31"]
[Round "3"]
[White "shrey16ultimate"]
[Black "Heliosis"]
[Result "0-1"]
[ICCResult "White checkmated"]
[WhiteElo "1601"]
[BlackElo "1880"]
[Opening "Queen's pawn: London system"]
[ECO "A45"]
[NIC "QP.07"]
[Time "12:29:59"]
[PlyCount "112"]
[TimeControl "180+2"]

1. d4 Nf6 2. Bf4 d5 3. e3 Bf5 4. c4 e6 5. Nc3 c5 6. Nf3 Nc6 7. dxc5 Bxc5 8.
cxd5 exd5 9. Bb5 O-O 10. O-O h6 11. h3 a6 12. Bd3 Qd7 13. Ne5 Qe6 14. Bxf5
Qxf5 15. Nf3 Rfd8 16. Qb3 Qd7 17. Rfd1 Na5 18. Qc2 Rac8 19. Qe2 Qe6 20. Nd4
Bxd4 21. Rxd4 Nc4 22. b3 Ne5 23. Bxe5 Qxe5 24. Na4 b5 25. Nb2 Ne4 26. Rad1
Nc3 27. Qe1 Nxd1 28. Qxd1 Qf5 29. e4 Qe5 30. exd5 Rd6 31. Rd2 Rcd8 32. Nd3
Qf6 33. Nb4 Qg5 34. Nc6 Rxc6 35. dxc6 Qxd2 36. Qg4 Qd1+ 37. Qxd1 Rxd1+ 38.
Kh2 Rc1 39. c7 Rxc7 40. Kg3 a5 41. f4 a4 42. Kf3 Rc3+ 43. Ke4 axb3 44. axb3
Rxb3 45. f5 Rc3 46. g4 b4 47. h4 b3 48. g5 hxg5 49. hxg5 b2 50. f6 b1=Q+
51. Ke5 Re3+ 52. Kd6 Qd1+ 53. Kc5 Rc3+ 54. Kb4 Qb3+ 55. Ka5 Rc4 56. g6 Ra4#
{ White checkmated } 0-1

[Event "ICC tourney 2260 (3 2)"]
[Site "Internet Chess Club"]
[Date "2020.12.31"]
[Round "3"]
[White "A4-H5"]
[Black "alexsaidfeghhi"]
[Result "1-0"]
[ICCResult "Black resigns"]
[WhiteElo "1999"]
[BlackElo "1902"]
[Opening "Bird's opening"]
[ECO "A03"]
[NIC "VO.07"]
[Time "12:30:19"]
[PlyCount "99"]
[TimeControl "180+2"]

1. f4 d5 2. Nf3 Bf5 3. e3 Nc6 4. b3 e6 5. Bb2 Nf6 6. Bb5 a6 7. Bxc6+ bxc6
8. O-O Be7 9. Nd4 Qd7 10. Nxf5 exf5 11. Nc3 O-O 12. Ne2 c5 13. Ng3 g6 14.
Qe2 Ne4 15. d3 Nxg3 16. hxg3 Rfe8 17. Rae1 d4 18. e4 Bf8 19. Qf3 a5 20. a4
fxe4 21. Rxe4 Rxe4 22. dxe4 c4 23. bxc4 Rb8 24. Ba1 Qxa4 25. Bxd4 Qxc4 26.
c3 Bg7 27. e5 a4 28. f5 a3 29. fxg6 hxg6 30. Ra1 a2 31. Kh2 Kh7 32. Qf2 Ra8
33. g4 Qe6 34. Qh4+ Kg8 35. Qe1 Qxg4 36. g3 Qe6 37. Qe4 Ra5 38. Qc2 Bxe5
39. Bxe5 Rxe5 40. Rxa2 Re2+ 41. Qxe2 Qxe2+ 42. Rxe2 Kf8 43. Kg2 f6 44. Kf3
Kf7 45. Ke4 f5+ 46. Ke5 Ke7 47. Rh2 c5 48. Rh7+ Kf8 49. Kf6 Ke8 50. Kxg6 {
Black resigns } 1-0

[Event "ICC tourney 2260 (3 2)"]
[Site "Internet Chess Club"]
[Date "2020.12.31"]
[Round "3"]
[White "DFKnights"]
[Black "saisiva765"]
[Result "0-1"]
[ICCResult "White forfeits on time"]
[WhiteElo "1802"]
[BlackElo "1950"]
[Opening "French defense"]
[ECO "C00"]
[NIC "FR.01"]
[Time "12:30:04"]
[PlyCount "96"]
[TimeControl "180+2"]

1. e4 e6 2. Nf3 d5 3. e5 c5 4. Bb5+ Nc6 5. O-O Qb6 6. a4 Bd7 7. Na3 a6 8.
Be2 Nge7 9. c3 Ng6 10. d4 cxd4 11. cxd4 Be7 12. g3 Na5 13. h4 Nb3 14. Ra2
Nxc1 15. Qxc1 Qb3 16. Ra1 Rc8 17. Qd2 Bb4 18. Qg5 h6 19. Qg4 h5 20. Qg5 Be7
21. Qd2 Bxa4 22. Bd1 Qb4 23. Qxb4 Bxb4 24. Bxa4+ b5 25. Bd1 Ne7 26. Nc2 a5
27. Nxb4 axb4 28. Be2 O-O 29. Bxb5 Rc2 30. Rfb1 Rb8 31. Bd3 Rcc8 32. Ra7
Nc6 33. Ra4 b3 34. Kg2 Nb4 35. Be2 Nc2 36. Ra7 Rb4 37. Ng5 Nxd4 38. Bxh5 g6
39. Bd1 Nc6 40. Rxf7 Nxe5 41. Rf6 Kg7 42. Rxe6 Nd3 43. Rd6 d4 44. Ne6+ Kh6
45. Rxd4 Rxd4 46. Nxd4 Rf8 47. f4 Ne1+ 48. Kf1 Nd3 { White forfeits on time
} 0-1

[Event "ICC tourney 2260 (3 2)"]
[Site "Internet Chess Club"]
[Date "2020.12.31"]
[Round "3"]
[White "ranu540"]
[Black "Aahilvalliani"]
[Result "1-0"]
[ICCResult "Black resigns"]
[WhiteElo "1296"]
[BlackElo "813"]
[Opening "Sicilian: Marshall variation"]
[ECO "B41"]
[NIC "SI.43"]
[Time "12:30:26"]
[PlyCount "127"]
[TimeControl "180+2"]

1. e4 c5 2. Nf3 e6 3. d4 d5 4. exd5 exd5 5. dxc5 Bxc5 6. Nc3 Nf6 7. Bb5+
Bd7 8. Bxd7+ Qxd7 9. O-O O-O 10. Bg5 Ne4 11. Nxd5 Nxg5 12. Nxg5 Qf5 13. Qd2
Nc6 14. Rad1 Rad8 15. c4 Bb4 16. Qe3 Rfe8 17. Qg3 Bd6 18. Qh4 Ne5 19. b3 h6
20. Ne4 Ng6 21. Nef6+ gxf6 22. Nxf6+ Kg7 23. Nxe8+ Rxe8 24. Qd4+ Be5 25.
Qxa7 Qh5 26. h3 Nh4 27. Qxb7 Qg6 28. Rd5 Bf4 29. Qd7 Re2 30. Qg4 Qxg4 31.
hxg4 Ng6 32. g3 Rxa2 33. gxf4 Nxf4 34. Rf5 Ng6 35. Rf3 Rb2 36. Kg2 Nh4+ 37.
Kg3 Nxf3 38. Kxf3 Rxb3+ 39. Kf4 Rb4 40. Rc1 Kg6 41. Kg3 h5 42. c5 Rb3+ 43.
Kf4 Rb4+ 44. Ke5 h4 45. c6 Rb8 46. c7 Rc8 47. Kf4 h3 48. Kf3 Kf6 49. Kg3
Ke6 50. Kxh3 Kd7 51. g5 Rxc7 52. Rxc7+ Kxc7 53. Kg4 Kd7 54. Kf5 Ke7 55. f4
Kf8 56. Kf6 Kg8 57. g6 fxg6 58. Kxg6 Kf8 59. f5 Kg8 60. f6 Kf8 61. f7 Ke7
62. Kg7 Kd8 63. f8=Q+ Kd7 64. Qf6 { Black resigns } 1-0

[Event "ICC tourney 2260 (3 2)"]
[Site "Internet Chess Club"]
[Date "2020.12.31"]
[Round "3"]
[White "bobiscool"]
[Black "xyzchessdude"]
[Result "0-1"]
[ICCResult "White forfeits on time"]
[WhiteElo "1697"]
[BlackElo "1992"]
[Opening "Sicilian: Sozin, Benkö variation"]
[ECO "B57"]
[NIC "SI.25"]
[Time "12:29:57"]
[PlyCount "94"]
[TimeControl "180+2"]

1. e4 c5 2. Nf3 Nc6 3. d4 cxd4 4. Nxd4 Nf6 5. Nc3 d6 6. Bc4 Qb6 7. Nxc6
bxc6 8. O-O g6 9. Bb3 Bg7 10. Be3 Qc7 11. h3 O-O 12. Qd2 Nd7 13. Bh6 Nc5
14. Bxg7 Kxg7 15. Qd4+ Kg8 16. Na4 Nxb3 17. axb3 c5 18. Qd3 Bb7 19. Nc3 a6
20. Nd5 Qd8 21. Qg3 e6 22. Nc3 d5 23. exd5 exd5 24. Rad1 d4 25. Qe5 Rc8 26.
Ne4 Bxe4 27. Qxe4 Re8 28. Qd3 Qf6 29. c3 Rcd8 30. cxd4 Rxd4 31. Qc3 Qd6 32.
Rxd4 cxd4 33. Qd3 Qb4 34. Qxa6 Qxb3 35. Qc6 Rb8 36. Rb1 d3 37. Qc1 Qc2 38.
f3 Qe2 39. Qc7 Re8 40. Qc1 d2 41. Qc2 Qe1+ 42. Kh2 Qe5+ 43. Kg1 Qd4+ 44.
Kh2 Qd6+ 45. Kg1 Re1+ 46. Kf2 Qd4+ 47. Kg3 Rxb1 { White forfeits on time }
0-1

[Event "ICC tourney 2260 (3 2)"]
[Site "Internet Chess Club"]
[Date "2020.12.31"]
[Round "3"]
[White "NL008"]
[Black "miyzhang"]
[Result "1-0"]
[ICCResult "Black checkmated"]
[WhiteElo "1534"]
[BlackElo "1227"]
[Opening "Giuoco Piano"]
[ECO "C54"]
[NIC "IG.02"]
[Time "12:30:01"]
[PlyCount "131"]
[TimeControl "180+2"]

1. e4 e5 2. Nf3 Nc6 3. Bc4 Bc5 4. c3 Nf6 5. d4 exd4 6. cxd4 Bb4+ 7. Bd2
Bxd2+ 8. Nbxd2 d5 9. exd5 Nxd5 10. Qb3 Na5 11. Qa4+ Nc6 12. O-O O-O 13. Qb3
Na5 14. Qb5 Nxc4 15. Qxc4 Be6 16. Qc2 Qf6 17. Ne4 Qg6 18. Nh4 Qh5 19. g3
Bh3 20. Rfd1 Rae8 21. Re1 g5 22. Qc5 c6 23. Qxd5 cxd5 24. Nf6+ Kh8 25. Nxh5
gxh4 26. Nf4 hxg3 27. Nxh3 g2 28. Kxg2 Rxe1 29. Rxe1 f5 30. f4 Rg8+ 31. Kh1
Kg7 32. Rg1+ Kf7 33. Rxg8 Kxg8 34. Kg2 Kg7 35. Kf2 Kf6 36. Ke3 Ke6 37. Nf2
Kd6 38. b4 Kc6 39. a4 b5 40. a5 a6 41. Kf3 Kd6 42. Kg3 Ke6 43. Kh4 Kf6 44.
Kh5 Kg7 45. Kg5 h6+ 46. Kxf5 h5 47. Kg5 h4 48. Kxh4 Kf6 49. Kg4 Kg6 50. f5+
Kf6 51. Kf4 Kg7 52. Kg5 Kf7 53. f6 Ke6 54. Kg6 Kd7 55. f7 Kc6 56. f8=Q Kc7
57. Qc5+ Kb7 58. h4 Kb8 59. h5 Ka8 60. h6 Kb8 61. h7 Kb7 62. Qxd5+ Kc7 63.
Qh5 Kd7 64. h8=Q Kd6 65. Q5e5+ Kd7 66. Qhe8# { Black checkmated } 1-0

[Event "ICC tourney 2260 (3 2)"]
[Site "Internet Chess Club"]
[Date "2020.12.31"]
[Round "3"]
[White "ChiefDas"]
[Black "sujashankar"]
[Result "1-0"]
[ICCResult "Black forfeits on time"]
[WhiteElo "1857"]
[BlackElo "1691"]
[Opening "Sicilian: Najdorf, 6.Bg5"]
[ECO "B94"]
[NIC "SI.04"]
[Time "12:30:15"]
[PlyCount "91"]
[TimeControl "180+2"]

1. e4 c5 2. Nf3 d6 3. d4 cxd4 4. Nxd4 Nf6 5. Nc3 a6 6. Bg5 e5 7. Nb3 Be7 8.
Bxf6 Bxf6 9. Nd5 Nc6 10. Be2 O-O 11. O-O Nd4 12. c3 Nxe2+ 13. Qxe2 b5 14.
Rad1 Bb7 15. Qd3 Bxd5 16. Qxd5 Be7 17. Rd3 Kh8 18. Rf3 f5 19. Rxf5 Rxf5 20.
exf5 Rc8 21. Nd2 Qd7 22. Ne4 Qxf5 23. Nxd6 Bxd6 24. Qxd6 h6 25. Qxa6 Rc4
26. Qxb5 Rg4 27. Qd5 Re4 28. c4 Re2 29. c5 Rxb2 30. c6 Rc2 31. a4 Qc8 32.
Qxe5 Qxc6 33. a5 Rc5 34. Qb8+ Kh7 35. Qb1+ Kh8 36. Qa2 Qa6 37. Ra1 Re5 38.
h3 Re2 39. Qf7 Qd6 40. Rc1 Qe5 41. Rc8+ Kh7 42. Qg8+ Kg6 43. Rc6+ Kh5 44.
Qf7+ Kh4 45. Rc4+ Kg5 46. f4+ { Black forfeits on time } 1-0